 Dungeon Crawl Stone Soup version 0.28-a0-804-g60983d4ba9 (webtiles) character file.

Game seed: 13515701034716718438

209 dolemite99 the Chopper (level 5, -1/38 HPs)
             Began as a Demonspawn Gladiator on Nov 5, 2021.
             Was a Believer of Kikubaaqudgha.
             Slain by Grinder (5 damage)
             ... on level 3 of the Dungeon on Nov 8, 2021.
             The game lasted 00:05:58 (4252 turns).

dolemite99 the Chopper (Demonspawn Gladiator)       Turns: 4252, Time: 00:05:59

Health: -1/38      AC:  6    Str: 15 (16) XL:     5   Next: 55%
Magic:  5/5        EV: 10    Int: 10 (11) God:    Kikubaaqudgha [**....]
Gold:   86         SH:  0    Dex: 13 (14) Spells: 4/4 levels left

rFire   . . .      SeeInvis .   a - +1 whip (elec)
rCold   . . .      Faith    .   (no shield)
rNeg    . . .      Spirit   .   o - +0 scale mail
rPois   .          Reflect  .   (helmet restricted)
rElec   .          Harm     .   r - scarf {+Inv}
rCorr   .          Rampage  .   (no gloves)
Will    .....                   (no boots)
Stlth   ..........              (no amulet)
HPRegen 0.12/turn               (no ring)
MPRegen 0.18/turn               (no ring)

@: no status effects
A: antennae 1, magic regeneration, big brain 1
a: Renounce Religion, Evoke Invisibility, Receive Corpses


You were on level 3 of the Dungeon.
You worshipped Kikubaaqudgha.
Kikubaaqudgha was pleased with you.
You visited 1 branch of the dungeon, and saw 5 of its levels.

You collected 86 gold pieces.

Inventory:

Hand Weapons
 a - a +1 whip of electrocution (weapon)
 f - a +0 war axe
 i - a +0 hunting sling
 t - a +0 dire flail
Missiles
 d - 3 throwing nets (quivered)
 g - 15 sling bullets
 l - 20 poisoned darts
 n - 55 stones
 s - 18 arrows
Armour
 b - a +0 leather armour
 c - a +0 helmet
 o - a +0 scale mail (worn)
 r - a scarf of invisibility (worn)
Jewellery
 q - a ring of poison resistance
 u - a +6 ring of intelligence
Scrolls
 e - a scroll of amnesia
 j - a scroll of magic mapping
 k - 2 scrolls of identify {@r1}
 m - a scroll of enchant armour {unknown}
Potions
 h - a potion of mutation


   Skills:
 - Level 2.0 Fighting
 - Level 5.2(5.4) Axes
 + Level 2.1(4.0) Maces & Flails
 - Level 1.7 Throwing
 - Level 2.6 Dodging


You had 4 spell levels left.
You didn't know any spells.
Your spell library contained the following spells:

 Spells                   Type           Power      Damage    Failure   Level
 Pain                     Necr           0%         1d4       85%         1
 Corpse Rot               Necr/Air       0%         N/A       94%         2
 Sublimation of Blood     Necr           0%         N/A       94%         2
 Vampiric Draining        Necr           0%         2d6       99%         3


Dungeon Overview and Level Annotations

Branches:
Dungeon (5/15)
 Temple: D:4-7

Altars:
Kikubaaqudgha

Annotations:
D:2 exclusion: downstairs
D:3 Grinder


Innate Abilities, Weirdness & Mutations

You have a pair of small antennae on your head.
You regenerate magic rapidly.
You have an unusually large brain. (Int +2)


Message History

Found 8 gold pieces.
Grinder shouts!
Grinder gestures at you. Pain shoots through your body!
You hit Grinder.
Grinder is lightly wounded.
Grinder hits you but does no damage.
You barely miss Grinder.
Grinder is lightly wounded.
Grinder hits you.
You writhe in agony.
You hit Grinder.
Grinder is lightly wounded.
Grinder hits you but does no damage.
You hit Grinder. Lightning courses through Grinder!
Grinder is heavily wounded.
You hit Grinder but do no damage. Lightning courses through Grinder!
Grinder is severely wounded.
Grinder hits you but does no damage.
You barely miss Grinder.
Grinder is severely wounded.
Grinder gestures at you.
You suddenly lose the ability to move!
Grinder drinks a potion.
Grinder is healed!
Grinder says, "Make like a tree!"
Grinder hits you but does no damage.
Grinder blinks!
Grinder hits you!
You writhe in agony.
Grinder hits you. Grinder hits you!
* * * LOW HITPOINT WARNING * * *
You writhe in agony.
* * * LOW HITPOINT WARNING * * *
Grinder blinks!
You can move again.
It was a potion of degeneration.
There was something very wrong with that liquid.
You feel weakened.
You feel dopey.
You feel clumsy. Grinder hits you.
You die...
Kikubaaqudgha rasps: "You have failed me!
Welcome... death!"

#.##..........##.##.#.........
#.##.####...####..........####
#.##,* ##.## ####.#.#.###
#.#*,* #.###### #>..#.#
#.#*,** #.##...####..#>#
#.#,,,####.##...........#
#.#,,,,$.#.##...###...#.#*****
#.#,,,*#.#.....## #.......,,,,
#.#****#.#...@.# ##....###***
#.# #..#.##5# #.O#.# *,*
####.###.#.### #..#.# *,*
#...## *#....###..#.# *,*
#.##.#**,#....,....,* *,*
#.#*..#,**.#.#*#..#** *,*
#.#*.#.#**.#.# #..# #,*
#.#*.#.# #.#.# #..#
#.###.##.#.###.#.###.!#


You could see Grinder.

Vanquished Creatures
  Blork the orc (D:4)
  An iguana (D:5)
  An orc wizard (D:4)
  3 adders
  An adder skeleton (D:4)
  3 worms
  2 orcs (D:5)
  2 endoplasms
  A giant cockroach (D:2)
  8 goblins
  6 hobgoblins
  4 quokkas
  9 bats
  A frilled lizard (D:1)
  7 kobolds
  4 rats
54 creatures vanquished.

Notes
Turn   | Place    | Note
-------+----------+-------------------------------------------
     0 | D:1      | dolemite99 the Demonspawn Gladiator began the quest for the
                  | Orb.
     0 | D:1      | Reached XP level 1. HP: 16/16 MP: 1/1
    68 | D:1      | Reached skill level 3 in Axes
   285 | D:1      | Gained mutation: You regenerate magic rapidly. [demonic
                  | ancestry]
   285 | D:1      | Reached XP level 2. HP: 11/22 MP: 2/2
   955 | D:1      | Found a faded altar of an unknown god.
   959 | D:1      | Prayed at the altar of an unknown god.
   959 | D:1      | Became a worshipper of Kikubaaqudgha
   959 | D:1      | Reached * piety under Kikubaaqudgha
   959 | D:1      | Received a gift from Kikubaaqudgha
  1465 | D:2      | Gained mutation: You have an unusually large brain. (Int
                  | +2) [demonic ancestry]
  1465 | D:2      | Reached XP level 3. HP: 27/27 MP: 3/3
  1856 | D:2      | Reached skill level 4 in Axes
  2283 | D:3      | Upgraded the game from 0.28-a0-794-gafe8c5f9e9 to
                  | 0.28-a0-804-g60983d4ba9
  2331 | D:3      | Noticed an ogre
  2531 | D:3      | Reached XP level 4. HP: 23/33 MP: 4/4
  2695 | D:3      | Noticed Grinder
  2696 | D:3      | Paralysed by Grinder for 4 turns
  2704 | D:3      | Paralysed by Grinder for 6 turns
  2730 | D:5      | Entered Level 5 of the Dungeon
  2930 | D:5      | Reached ** piety under Kikubaaqudgha
  3590 | D:4      | Reached skill level 5 in Axes
  3595 | D:4      | Gained mutation: You have a pair of small antennae on your
                  | head. [demonic ancestry]
  3595 | D:4      | Reached XP level 5. HP: 16/38 MP: 5/5
  3943 | D:4      | Noticed Blork the orc
  3956 | D:4      | Killed Blork the orc
  4241 | D:3      | Paralysed by Grinder for 7 turns
  4252 | D:3      | Slain by Grinder

Illustrated notes

Levels and vault maps discovered:
D:1:      dpeg_arrival_round_c, layout_basic,
          hellmonk_ecumenical_altar_heavens_door
D:2:      layout_loops_ring
D:3:      layout_loops_ring, uniq_grinder
D:4:      layout_rooms, cheibrodos_sewer_entry_sluice, uniq_blork_the_orc
D:5:      layout_loops_ring, grunt_temple_overflow_open,
          kennysheep_generic_room_14

Skill      XL: |  1  2  3  4  5 |
---------------+----------------+-----
Axes           | 3 4 5 |  5.2
Maces & Flails | 2 |  2.1
Fighting       | |  2.0
Throwing       | |  1.7
Dodging        | |  2.6

Action                   |  1- 3 |  4- 6 || total
-------------------------+-------+-------++-------
Melee: War axe           |   121 |    30 ||   151
       Whip              |       |    26 ||    26
  Use: Scroll            |     5 |     1 ||     6
       Potion            |     1 |     5 ||     6
Armor: Leather armour    |    30 |       ||    30
       Scale mail        |    35 |    30 ||    65
Dodge: Dodged            |    97 |    30 ||   127

Table legend: (Time is in decaauts)
 A = Elapsed time spent in this place.
 B = Non-inter-level travel time spent in this place.
 C = Inter-level travel time spent in this place.
 D = Time resting spent in this place.
 E = Time spent auto-exploring this place.
 F = Levels seen in this place.
 G = Mean time per level.
                   A        B        C        D        E       F      G
               +--------+--------+--------+--------+--------+-----+--------+
         Total |   4299 |   4199 |    100 |   2197 |   1207 |   5 |  859.8 |
       Dungeon |   4299 |   4199 |    100 |   2197 |   1207 |   5 |  859.8 |
               +--------+--------+--------+--------+--------+-----+--------+

Top non-repeatable levels by time:
     D:2: 1376 daAuts
     D:1: 1032 daAuts
     D:5: 857 daAuts
     D:3: 538 daAuts
     D:4: 494 daAuts
